 Dungeon Sprint DCSS version 0.17-a0-1667-g4ca74a1 (webtiles) character file.

117254 Kidiri the Imperceptible (level 15, -12/63 HPs)
             Began as a Spriggan Enchanter on Aug 17, 2015.
             Was the Champion of Dithmenos.
             Mangled by a guardian mummy (22 damage)
             ... in the Dungeon (Sprint III: "The Ten Rune Challenge").
             The game lasted 00:52:04 (6076 turns).

Kidiri the Imperceptible (Spriggan Enchanter)       Turns: 6076, Time: 00:52:06

Health: -12/63     AC:  7    Str:  3 (4)  XL:     15   Next: 48%
Magic:  0/38       EV: 37    Int: 19 (21) God:    Dithmenos [******]
Gold:   2854       SH:  0    Dex: 19 (21) Spells: 10 memorised, 14 levels left

rFire  . . .     SeeInvis +     a - +1 dagger (holy)
rCold  . . .     Clarity  .     b - +1 robe
rNeg   . . .     SustAt   .     (shield restricted)
rPois  .         Gourm    .     l - +2 hat {Spirit}
rElec  .         Spirit   +     (no cloak)
rCorr  .         Warding  .     (gloves unavailable)
rMut   .         NoTele   +     (boots unavailable)
MR     +++..                    (no amulet)
Stlth  ++++++++++               (no ring)
                                (no ring)

@: very slightly contaminated, wreathed by umbra, very quick, extremely
resistant to hostile enchantments, uncannily stealthy
A: unfitting armour, talons 1, thin skeletal structure 1, yellow scales 1, see
invisible, deterioration 2, herbivore 3, speed 3, magic resistance 1, screaming
1, slow metabolism 2, spit poison 1
a: Spit Poison, Shadow Step, Shadow Form, Renounce Religion
}: 2/10 runes: serpentine, barnacled


You were in the Dungeon.
You worshipped Dithmenos.
Dithmenos was exalted by your worship.
You were hungry.

You visited 1 branch You collected 2854 gold pieces.

Inventory:

Hand weapons
 a - a +1 dagger of holy wrath (weapon)
 t - a +2 rapier of draining
 u - a +1 short sword of electrocution
 v - the +3 quick blade of the Rattle-Snake {pierce, +Inv rN+}
   (You found it in the Dungeon)

   It inflicts extra damage upon your enemies.
   It protects you from negative energy.
   It lets you turn invisible.
Armour
 b - a +1 robe (worn)
 l - a +2 hat of spirit shield (worn)
Magical devices
 s - a wand of digging (14)
Scrolls
 k - a scroll of recharging
 o - a scroll of fog {unknown}
 p - a scroll of immolation {unknown}
 q - a scroll of amnesia {unknown}
Potions
 g - a potion of haste
 i - 2 potions of berserk rage
 r - a potion of cancellation
Comestibles
 c - 24 royal jellies
 d - 2 bread rations


   Skills:
 + Level 13.0 Short Blades
 * Level 21.6 Dodging
 * Level 23.2 Stealth
 * Level 18.7 Spellcasting
 + Level 9.1 Conjurations
 + Level 14.4 Hexes
 + Level 13.5 Transmutations
 + Level 10.1 Ice Magic
 + Level 10.2 Air Magic
 + Level 10.9 Poison Magic
 - Level 10.1 Invocations
 + Level 6.2 Evocations


You had 14 spell levels left.
You knew the following spells:

 Your Spells              Type           Power        Failure   Level  Hunger
a - Corona                Hex            ######.      0%          1    None
b - Ensorcelled Hibernat  Hex/Ice        ######       1%          2    None
c - Confuse               Hex            ######..     1%          3    None
d - Tukima's Dance        Hex            ######..     1%          3    None
e - Dazzling Spray        Conj/Hex       ######..     1%          3    None
f - Mephitic Cloud        Conj/Pois/Air  ######..     1%          3    None
g - Invisibility          Hex            ######..     1%          6    ####...
h - Alistair's Intoxicat  Trmt/Pois      ######..     1%          4    None
i - Freezing Cloud        Conj/Ice/Air   ######....   10%         6    ####...
j - Poisonous Cloud       Conj/Pois/Air  ######....   10%         6    ####...


Dungeon Overview and Level Annotations

Branches:
Dungeon (1/1)

Altars:
Cheibriados
Dithmenos
Elyvilon
Fedhas
Gozag
Kikubaaqudgha
Makhleb
Nemelex Xobeh
Okawaru
Qazlal
Ru
Sif Muna
Trog
Vehumet
Xom
Yredelemnul
Zin
The Shining One
Beogh
Jiyva
Lugonu

Shops:
D }[?[}(?!*[[?}?(!:=%


Innate Abilities, Weirdness & Mutations

You are tiny and cannot use many weapons and most armour.
You have supernaturally acute eyesight.
You are a herbivore.
You cover ground extremely quickly.
You need consume almost no food.
You have sharp toenails.
You have a somewhat thin skeletal structure (Dex +2, Stealth).
You are partially covered in yellow scales (AC +2).
Your body often deteriorates upon taking damage.
You are resistant to hostile enchantments.
You occasionally shout uncontrollably at your foes.
You can spit weak poison.


Message History

The mummy priest is unaffected.
It was a scroll of fear.
The jiangshi is engulfed in freezing vapours. x2
The guardian mummy is engulfed in freezing vapours.
The jiangshi is engulfed in freezing vapours.
The jiangshi completely misses you. x2
The mummy priest is engulfed in freezing vapours.
Read which item? (? for menu, Esc to quit)
As you read the scroll labeled KIVVIPOUSE, it crumbles to dust.
Your body is wracked with pain!
Your body deteriorates!
You feel dopey.
You emit a cloud of dark smoke.
It was a scroll of torment.
The jiangshi barely misses you. x2
The mummy priest is engulfed in freezing vapours.
The mummy priest calls down the wrath of its god upon you.
Something smites you!
* * * LOW HITPOINT WARNING * * *
Your body deteriorates!
You feel dopey.
The guardian mummy is engulfed in freezing vapours.
The guardian mummy hits you!!
You die...

+##############)).#...##.+^.#≈≈.#
#####....###..#≈≈.#
#...^...^.)#..#≈≈.#
▓'▓▓▓▓▓▓▓▓▓▓▓▓▓▓▓▓▓ ▓..# ▓..#
▓§§# ▓§§# ▓M@# ▓§V# ▓MM# ▓§§#
▓§§# ▓..+ ▓###


You could see 2 mummy priests, a jiangshi and a guardian mummy.

Vanquished Creatures
  A lich (D)
  Rupert (D)
  A kraken (D)
  Gastronok (D)
  Chuck (D)
  2 sphinxes (D)
  Dowan (D)
  A greater naga (D)
  Maud (D)
  2 dire elephants (D)
  A fire dragon (D)
  Josephine (D)
  A yaktaur captain (D)
  2 hydras (D)
  6 anacondas (D)
  A ghost crab (shapeshifter) (D)
  3 alligator snapping turtles (D)
  2 centaur warriors (D)
  4 dancing weapons (D)
  4 death yaks (D)
  A deep elf knight (D)
  4 hell knights (D)
  An iron golem (D)
  A skeletal warrior (D)
  2 unseen horrors (D)
  A death drake (D)
  An obsidian statue (D)
  2 deep elf summoners (D)
  2 orc knights (D)
  A lindwurm (D)
  An orc sorcerer (D)
  2 ugly things (D)
  A guardian serpent (D)
  2 elephants (D)
  7 black mambas (D)
  2 spiny frogs (D)
  Duvessa (D)
  An eye of devastation (shapeshifter) (D)
  A komodo dragon (D)
  A guardian mummy (D)
  A fire drake (D)
  3 deep elf priests (D)
  A queen bee (D)
  4 spriggan defenders (D)
  3 wandering mushrooms (D)
  A merfolk (shapeshifter) (D)
  8 blink frogs (D)
  4 orc high priests (D)
  3 snapping turtles (D)
  2 slime creatures (D)
  A shadow (D)
  3 redbacks (D)
  A redback (shapeshifter) (D)
  A spatial vortex (D)
  6 water moccasins (D)
  2 nagas (D)
  A swamp drake (D)
  A necrophage (D)
  2 orc warriors (D)
  2 centaurs (D)
  An earth elemental (D)
  2 brain worms (D)
  A water elemental (D)
  32 killer bees (D)
  A scorpion (D)
  A jelly (D)
  2 orc priests (D)
  A wizard (D)
  Jessica (D)
  2 necromancers (D)
  2 orc wizards (D)
  A kobold demonologist (D)
  3 humans (D)
  An ooze (D)
  7 orcs (D)
  2 rats (D)
  A bush (D)
  A plant (D)
184 creatures vanquished.

Vanquished Creatures (collateral kills)
  A naga warrior (D)
  An orc high priest (D)
  An orc wizard (D)
3 creatures vanquished.

Vanquished Creatures (others)
  2 draconian scorchers (D)
  2 yaktaurs (D)
  An electric eel (D)
  3 fungi (D)
  9 plants (D)
  16 tentacles (D)
  7 tentacle segments (D)
40 creatures vanquished.

Grand Total: 227 creatures vanquished

Notes
Turn   | Place    | Note
--------------------------------------------------------------
     0 | D        | Kidiri the Spriggan Enchanter began the quest for the Orb.
     0 | D        | Reached XP level 1. HP: 9/9 MP: 5/5
    10 | D        | Reached skill level 5 in Stealth
    45 | D        | Noticed Jessica
    45 | D        | Killed a yaktaur
    49 | D        | Killed Jessica
    49 | D        | Reached skill level 5 in Dodging
    49 | D        | Reached skill level 6 in Stealth
    49 | D        | Reached XP level 2. HP: 13/13 MP: 6/8
    49 | D        | Reached XP level 3. HP: 16/16 MP: 6/9
    55 | D        | Learned a level 2 spell: Ensorcelled Hibernation
    59 | D        | Learned a level 3 spell: Confuse
    63 | D        | Learned a level 3 spell: Tukima's Dance
    85 | D        | Noticed a scorpion
   111 | D        | Killed a scorpion
   111 | D        | Reached skill level 7 in Stealth
   111 | D        | Reached skill level 5 in Spellcasting
   111 | D        | Reached skill level 5 in Hexes
   111 | D        | Reached skill level 1 in Ice Magic
   111 | D        | Reached XP level 4. HP: 21/21 MP: 1/12
   118 | D        | Learned a level 3 spell: Dazzling Spray
   119 | D        | Reached skill level 8 in Stealth
   215 | D        | Gained mutation: Your body sometimes deteriorates upon taking damage. [potion of mutation]
   215 | D        | Gained mutation: You have sharp toenails. [potion of mutation]
   215 | D        | Gained mutation: You are resistant to hostile enchantments. [potion of mutation]
   216 | D        | Gained mutation: You are partially covered in yellow scales (AC +2). [potion of mutation]
   216 | D        | Gained mutation: You have a somewhat thin skeletal structure (Dex +2, Stealth). [potion of mutation]
   216 | D        | Gained mutation: You occasionally shout uncontrollably at your foes. [potion of mutation]
   228 | D        | Killed a white draconian scorcher
   232 | D        | Noticed a water elemental
   235 | D        | Killed a water elemental
   235 | D        | Reached skill level 1 in Conjurations
   235 | D        | Reached XP level 5. HP: 24/24 MP: 12/14
   238 | D        | Killed a white draconian scorcher
   254 | D        | Noticed a jelly
   256 | D        | Noticed a shadow
   285 | D        | Killed a shadow
   285 | D        | Reached skill level 9 in Dodging
   285 | D        | Reached skill level 10 in Stealth
   285 | D        | Reached XP level 6. HP: 25/28 MP: 6/17
   378 | D        | Killed a jelly
   383 | D        | Found a stormy altar of Qazlal.
   384 | D        | Found a sacrificial altar of Ru.
   384 | D        | Found a burning altar of Makhleb.
   384 | D        | Found a viscous altar of Jiyva.
   384 | D        | Found a shimmering altar of Xom.
   384 | D        | Found a shadowy altar of Dithmenos.
   384 | D        | Found a sparkling altar of Nemelex Xobeh.
   384 | D        | Found a corrupted altar of Lugonu.
   384 | D        | Found an opulent altar of Gozag.
   384 | D        | Noticed a spatial vortex
   388 | D        | Became a worshipper of Dithmenos the Shadowed
   389 | D        | Killed a spatial vortex
   389 | D        | Reached skill level 5 in Short Blades
   389 | D        | Reached skill level 11 in Stealth
   389 | D        | Reached skill level 1 in Invocations
   414 | D        | Found a radiant altar of Vehumet.
   415 | D        | Found a deep blue altar of Sif Muna.
   415 | D        | Found an ancient bone altar of Kikubaaqudgha.
   415 | D        | Noticed a wizard
   417 | D        | Killed a wizard
   417 | D        | Reached skill level 10 in Dodging
   431 | D        | Learned a level 3 spell: Mephitic Cloud
   438 | D        | Learned a level 6 spell: Invisibility
   480 | D        | Found a glowing silver altar of Zin.
   481 | D        | Found a glowing golden altar of the Shining One.
   481 | D        | Found a white marble altar of Elyvilon.
   481 | D        | Noticed a deep elf priest
   483 | D        | Killed a deep elf priest
   483 | D        | Reached skill level 1 in Air Magic
   483 | D        | Reached skill level 1 in Poison Magic
   483 | D        | Reached XP level 7. HP: 32/32 MP: 18/20
   498 | D        | Found an iron altar of Okawaru.
   499 | D        | Found a bloodstained altar of Trog.
   499 | D        | Noticed a human
   499 | D        | Noticed a human
   503 | D        | Killed a human
   503 | D        | Reached skill level 12 in Stealth
   514 | D        | Killed a human
   514 | D        | Reached XP level 8. HP: 15/36 MP: 3/22
   603 | D        | Learned a level 4 spell: Alistair's Intoxication
   699 | D        | Killed an electric eel
   758 | D        | Found a basalt altar of Yredelemnul.
   758 | D        | Found a snail-covered altar of Cheibriados.
   758 | D        | Found a blossoming altar of Fedhas.
   758 | D        | Noticed a necrophage
   758 | D        | Noticed a necromancer
   760 | D        | Killed a necrophage
   760 | D        | Acquired Dithmenos's first power
   761 | D        | Killed a necromancer
   761 | D        | Reached skill level 1 in Transmutations
   786 | D        | Noticed Josephine
   789 | D        | Killed Josephine
   789 | D        | Reached skill level 13 in Stealth
   789 | D        | Reached skill level 10 in Spellcasting
   796 | D        | Noticed an earth elemental
   799 | D        | Killed an earth elemental
   804 | D        | Noticed a centaur
   804 | D        | Noticed a centaur warrior
   804 | D        | Noticed a centaur
   806 | D        | Killed a centaur warrior
   806 | D        | Reached skill level 14 in Stealth
   806 | D        | Reached skill level 5 in Ice Magic
   806 | D        | Reached XP level 9. HP: 39/39 MP: 19/25
   807 | D        | Killed a centaur
   807 | D        | Acquired Dithmenos's second power
   808 | D        | Killed a centaur
   846 | D        | Noticed an unseen horror
   846 | D        | Noticed an unseen horror
   849 | D        | Killed an unseen horror
   849 | D        | Reached skill level 5 in Transmutations
   855 | D        | Killed an unseen horror
   855 | D        | Reached skill level 5 in Invocations
   868 | D        | Learned a level 6 spell: Freezing Cloud
   923 | D        | Noticed a killer bee
   923 | D        | Noticed a killer bee
   923 | D        | Noticed a killer bee
   923 | D        | Noticed a killer bee
   923 | D        | Noticed a killer bee
   923 | D        | Noticed a killer bee
   923 | D        | Noticed a queen bee
   923 | D        | Noticed a killer bee
   923 | D        | Noticed a killer bee
   923 | D        | Noticed a killer bee
   923 | D        | Noticed a killer bee
   923 | D        | Noticed a killer bee
   923 | D        | Noticed a killer bee
   923 | D        | Noticed a killer bee
   923 | D        | Noticed a killer bee
   924 | D        | Noticed a killer bee
   925 | D        | Noticed a killer bee
   925 | D        | Noticed a killer bee
   925 | D        | Noticed a killer bee
   925 | D        | Killed a killer bee
   926 | D        | Noticed a killer bee
   927 | D        | Noticed a killer bee
   927 | D        | Noticed a killer bee
   928 | D        | Killed a killer bee
   928 | D        | Acquired Dithmenos's third power
   928 | D        | Reached XP level 10. HP: 44/44 MP: 19/26
   929 | D        | Noticed a killer bee
   930 | D        | Killed a killer bee
   932 | D        | Noticed a killer bee
   932 | D        | Noticed a killer bee
   932 | D        | Killed a killer bee
   933 | D        | Noticed a killer bee
   934 | D        | Killed a killer bee
   935 | D        | Noticed a killer bee
   936 | D        | Noticed a killer bee
   936 | D        | Killed a killer bee
   938 | D        | Killed a killer bee
   940 | D        | Noticed a killer bee
   940 | D        | Killed a killer bee
   941 | D        | Noticed a killer bee
   941 | D        | Noticed a killer bee
   942 | D        | Noticed a killer bee
   942 | D        | Noticed a killer bee
   942 | D        | Killed a killer bee
   942 | D        | Acquired Dithmenos's fourth power
   942 | D        | Reached skill level 15 in Stealth
   944 | D        | Killed a killer bee
   946 | D        | Killed a killer bee
   948 | D        | Killed a killer bee
  1133 | D        | Killed a killer bee
  1136 | D        | Killed a killer bee
  1138 | D        | Killed a killer bee
  1140 | D        | Killed a killer bee
  1140 | D        | Reached skill level 5 in Poison Magic
  1142 | D        | Killed a killer bee
  1144 | D        | Killed a killer bee
  1146 | D        | Killed a killer bee
  1148 | D        | Killed a killer bee
  1152 | D        | Killed a killer bee
  1154 | D        | Killed a killer bee
  1156 | D        | Killed a killer bee
  1159 | D        | Killed a killer bee
  1296 | D        | Killed a killer bee
  1298 | D        | Killed a killer bee
  1302 | D        | Killed a killer bee
  1304 | D        | Killed a killer bee
  1306 | D        | Killed a killer bee
  1308 | D        | Killed a killer bee
  1310 | D        | Killed a killer bee
  1314 | D        | Killed a killer bee
  1321 | D        | Killed a queen bee
  1321 | D        | Reached skill level 5 in Conjurations
  1420 | D        | Noticed a wandering mushroom
  1421 | D        | Noticed a wandering mushroom
  1421 | D        | Noticed a wandering mushroom
  1422 | D        | Killed a wandering mushroom
  1426 | D        | Killed a wandering mushroom
  1427 | D        | Killed a wandering mushroom
  1473 | D        | Killed a yaktaur
  1507 | D        | Noticed a spiny frog
  1507 | D        | Noticed a komodo dragon
  1507 | D        | Noticed a spiny frog
  1509 | D        | Killed a spiny frog
  1509 | D        | Reached skill level 16 in Stealth
  1509 | D        | Reached skill level 5 in Air Magic
  1514 | D        | Killed a spiny frog
  1516 | D        | Killed a komodo dragon
  1516 | D        | Reached skill level 10 in Hexes
  1636 | D        | Noticed a redback
  1638 | D        | Killed a redback
  1639 | D        | Noticed a brain worm
  1644 | D        | Killed a brain worm
  1649 | D        | Noticed a brain worm
  1662 | D        | Killed a brain worm
  1673 | D        | Noticed a lindwurm
  1674 | D        | Noticed a redback
  1675 | D        | Killed a lindwurm
  1677 | D        | Killed a redback
  1677 | D        | Reached XP level 11. HP: 47/47 MP: 23/28
  1682 | D        | Noticed a redback
  1683 | D        | Killed a redback
  1684 | D        | Noticed Maud
  1686 | D        | Killed Maud
  1686 | D        | Reached skill level 15 in Dodging
  1710 | D        | Noticed a seven-headed hydra
  1710 | D        | Noticed a five-headed hydra
  1711 | D        | Noticed a death drake
  1712 | D        | Killed a seven-headed hydra
  1712 | D        | Reached skill level 17 in Stealth
  1713 | D        | Killed a five-headed hydra
  1717 | D        | Killed a death drake
  1759 | D        | Learned a level 6 spell: Poisonous Cloud
  1761 | D        | Noticed a kraken
  1763 | D        | Noticed a snapping turtle
  1804 | D        | Noticed a swamp drake
  1804 | D        | Noticed a fire drake
  1806 | D        | Killed a swamp drake
  1808 | D        | Killed a fire drake
  1834 | D        | Noticed a blink frog
  1835 | D        | Noticed a blink frog
  1835 | D        | Noticed a blink frog
  1835 | D        | Noticed a blink frog
  1835 | D        | Noticed a blink frog
  1842 | D        | Killed a blink frog
  1844 | D        | Killed a blink frog
  1846 | D        | Killed a blink frog
  1847 | D        | Killed a blink frog
  1851 | D        | Killed a blink frog
  1947 | D        | Noticed Rupert
  1969 | D        | Noticed an azure jelly
  1969 | D        | Noticed an azure jelly
  1969 | D        | Noticed an azure jelly
  1969 | D        | Noticed an azure jelly
  1975 | D        | Killed Rupert
  1975 | D        | Reached skill level 18 in Stealth
  2101 | D        | Noticed a death yak
  2102 | D        | Noticed a death yak
  2102 | D        | Noticed a blink frog
  2102 | D        | Noticed a death yak
  2102 | D        | Noticed a blink frog
  2102 | D        | Noticed a death yak
  2103 | D        | Noticed a blink frog
  2108 | D        | Killed a blink frog
  2250 | D        | Killed a blink frog
  2257 | D        | Noticed a black mamba
  2259 | D        | Killed a black mamba
  2264 | D        | Noticed a black mamba
  2275 | D        | Killed a death yak
  2275 | D        | Reached XP level 12. HP: 28/51 MP: 5/31
  2509 | D        | Killed a death yak
  2509 | D        | Reached skill level 10 in Short Blades
  2513 | D        | Killed a death yak
  2525 | D        | Killed a death yak
  2585 | D        | Killed a black mamba
  2595 | D        | Killed a blink frog
  2638 | D        | Noticed a water moccasin
  2638 | D        | Noticed a black mamba
  2638 | D        | Noticed a black mamba
  2638 | D        | Noticed a water moccasin
  2640 | D        | Noticed a water moccasin
  2641 | D        | Killed a black mamba
  2644 | D        | Killed a black mamba
  2647 | D        | Killed a water moccasin
  2649 | D        | Killed a water moccasin
  2652 | D        | Killed a water moccasin
  2663 | D        | Noticed an anaconda
  2669 | D        | Killed an anaconda
  2669 | D        | Reached skill level 19 in Stealth
  2685 | D        | Noticed a water moccasin
  2688 | D        | Killed a water moccasin
  2688 | D        | Reached skill level 15 in Spellcasting
  2800 | D        | Noticed an anaconda
  2800 | D        | Noticed an anaconda
  2800 | D        | Noticed an anaconda
  2800 | D        | Noticed a black mamba
  2800 | D        | Noticed a water moccasin
  2800 | D        | Noticed a black mamba
  2802 | D        | Killed an anaconda
  2803 | D        | Killed an anaconda
  2803 | D        | Reached skill level 10 in Transmutations
  2804 | D        | Killed an anaconda
  2806 | D        | Killed a black mamba
  2807 | D        | Killed a water moccasin
  2809 | D        | Killed a black mamba
  2844 | D        | Noticed an anaconda
  2844 | D        | Noticed a black mamba
  2844 | D        | Noticed a water moccasin
  2845 | D        | Noticed an anaconda
  2846 | D        | Killed an anaconda
  2847 | D        | Killed a black mamba
  2849 | D        | Killed an anaconda
  2850 | D        | Killed a water moccasin
  2886 | D        | Noticed a naga
  2886 | D        | Noticed a naga
  2887 | D        | Noticed a naga warrior
  2887 | D        | Noticed a greater naga
  2887 | D        | Found Ucennic's Gadget Boutique.
  2887 | D        | Found Onukk's Antique Armour Emporium.
  2887 | D        | Found Kefaafigh's Magic Scroll Shop.
  2888 | D        | Killed a naga
  2889 | D        | Killed a naga
  2891 | D        | Killed a greater naga
  2904 | D        | Killed a naga warrior
  3184 | D        | Noticed a guardian serpent
  3186 | D        | Killed a guardian serpent
  3188 | D        | Got a serpentine rune of Zot
  3282 | D        | Noticed an elephant
  3282 | D        | Noticed an elephant
  3282 | D        | Noticed a dire elephant
  3282 | D        | Noticed a dire elephant
  3282 | D        | Noticed Gastronok
  3284 | D        | Killed Gastronok
  3284 | D        | Reached skill level 20 in Stealth
  3284 | D        | Reached XP level 13. HP: 55/55 MP: 32/34
  3285 | D        | Killed a dire elephant
  3287 | D        | Killed a dire elephant
  3291 | D        | Killed an elephant
  3293 | D        | Killed an elephant
  3607 | D        | Killed a snapping turtle
  3617 | D        | Noticed a snapping turtle
  3619 | D        | Noticed an alligator snapping turtle
  3619 | D        | Noticed a snapping turtle
  3620 | D        | Noticed an alligator snapping turtle
  3696 | D        | Killed an alligator snapping turtle
  3742 | D        | Killed a snapping turtle
  3777 | D        | Noticed an alligator snapping turtle
  3784 | D        | Killed a snapping turtle
  3791 | D        | Killed an alligator snapping turtle
  3849 | D        | Killed a kraken
  3932 | D        | Killed an alligator snapping turtle
  3986 | D        | Found Xeovinn's Magic Scroll Boutique.
  3986 | D        | Found Dysaplut's Antique Weapon Shop.
  3986 | D        | Found Noijaogo's Gadget Emporium.
  3995 | D        | Got a barnacled rune of Zot
  4074 | D        | Noticed Dowan
  4074 | D        | Noticed Duvessa
  4076 | D        | Killed Dowan
  4076 | D        | Reached skill level 21 in Stealth
  4083 | D        | Killed Duvessa
  4113 | D        | Noticed an orc priest
  4113 | D        | Noticed an orc high priest
  4114 | D        | Noticed an orc high priest
  4114 | D        | Noticed an orc high priest
  4117 | D        | Killed an orc priest
  4121 | D        | Killed an orc high priest
  4128 | D        | Killed an orc high priest
  4134 | D        | Killed an orc high priest
  4242 | D        | Noticed a spriggan defender
  4243 | D        | Noticed a spriggan defender
  4243 | D        | Noticed a spriggan defender
  4243 | D        | Noticed a spriggan defender
  4248 | D        | Noticed an obsidian statue
  4256 | D        | Killed a spriggan defender
  4262 | D        | Killed a spriggan defender
  4271 | D        | Killed a spriggan defender
  4285 | D        | Gained mutation: You can spit weak poison. [a neqoxec]
  4287 | D        | Killed a spriggan defender
  4326 | D        | Gained mutation: Your body often deteriorates upon taking damage. [a neqoxec]
  4448 | D        | Noticed a red ugly thing
  4451 | D        | Killed a red ugly thing
  4495 | D        | Noticed a centaur warrior
  4500 | D        | Killed a centaur warrior
  4521 | D        | Noticed an eye of devastation
  4522 | D        | Noticed a slime creature
  4522 | D        | Noticed a fire dragon
  4524 | D        | Killed an eye of devastation
  4526 | D        | Killed a slime creature
  4527 | D        | Killed a fire dragon
  4527 | D        | Reached skill level 10 in Invocations
  4544 | D        | Noticed a flail of venom
  4544 | D        | Noticed a trident of protection
  4544 | D        | Noticed a flail of pain
  4545 | D        | Noticed a battleaxe of electrocution
  4546 | D        | Killed a trident of protection
  4548 | D        | Killed a battleaxe of electrocution
  4551 | D        | Killed a flail of pain
  4552 | D        | Killed a flail of venom
  4558 | D        | Got a translucent quick blade
  4560 | D        | Identified the +3 quick blade of the Rattle-Snake {pierce, +Inv rN+} (You found it in the Dungeon)
  4651 | D        | Killed an obsidian statue
  4834 | D        | Found Baissu Ticwe's Gadget Emporium.
  4834 | D        | Found Wuigotun's Antique Weapon Shop.
  4834 | D        | Found Baot's Antique Armour Boutique.
  4834 | D        | Found Hofuel's Food Shoppe.
  4834 | D        | Found Puuvas's Magic Scroll Boutique.
  4834 | D        | Found Zuhaugienu's Magic Scroll Emporium.
  4834 | D        | Found Keverun's Antique Armour Shoppe.
  4834 | D        | Found Quashur's Jewellery Shop.
  4834 | D        | Found Qoeschati's Assorted Antiques.
  4834 | D        | Found Boeg's Book Emporium.
  4834 | D        | Found Esminyur's Distillery.
  4834 | D        | Found Joezxife's Distillery.
  5025 | D        | Noticed an orc sorcerer
  5026 | D        | Found a roughly hewn altar of Beogh.
  5026 | D        | Noticed an orc warrior
  5026 | D        | Noticed an orc knight
  5026 | D        | Noticed an orc wizard
  5026 | D        | Noticed an orc priest
  5026 | D        | Noticed an orc warrior
  5026 | D        | Noticed an orc knight
  5026 | D        | Noticed an orc high priest
  5026 | D        | Noticed an orc wizard
  5027 | D        | Found Uhena's Armour Shop.
  5027 | D        | Noticed an orc high priest
  5030 | D        | Noticed an orc wizard
  5033 | D        | Killed an orc priest
  5036 | D        | Killed an orc sorcerer
  5036 | D        | Reached skill level 1 in Evocations
  5038 | D        | Killed an orc warrior
  5039 | D        | Killed an orc high priest
  5041 | D        | Killed an orc high priest
  5041 | D        | Reached skill level 10 in Poison Magic
  5043 | D        | Killed an orc wizard
  5044 | D        | Killed an orc wizard
  5048 | D        | Killed an orc knight
  5059 | D        | Killed an orc warrior
  5098 | D        | Killed an orc knight
  5098 | D        | Reached XP level 14. HP: 28/59 MP: 3/36
  5467 | D        | Noticed a deep elf knight
  5467 | D        | Noticed a deep elf priest
  5467 | D        | Noticed a deep elf summoner
  5467 | D        | Noticed a deep elf priest
  5467 | D        | Noticed a deep elf summoner
  5473 | D        | Noticed a deep elf annihilator
  5475 | D        | Killed a deep elf priest
  5477 | D        | Killed a deep elf summoner
  5477 | D        | Reached skill level 22 in Stealth
  5478 | D        | Noticed a deep elf demonologist
  5479 | D        | Killed a deep elf knight
  5480 | D        | Killed a deep elf priest
  5482 | D        | Killed a deep elf summoner
  5610 | D        | Killed an orc wizard
  5676 | D        | Noticed a yaktaur captain
  5676 | D        | Noticed a green ugly thing
  5676 | D        | Noticed a redback
  5677 | D        | Noticed a merfolk
  5677 | D        | Noticed a slime creature
  5678 | D        | Killed a green ugly thing
  5679 | D        | Killed a redback
  5681 | D        | Killed a merfolk
  5683 | D        | Killed a slime creature
  5742 | D        | Killed a yaktaur captain
  5774 | D        | Noticed Chuck
  5774 | D        | Noticed a ghost crab
  5778 | D        | Killed a ghost crab
  5785 | D        | Killed Chuck
  5793 | D        | Reached XP level 15. HP: 63/63 MP: 32/38
  5950 | D        | Noticed a skeletal warrior
  5951 | D        | Noticed an iron golem
  5952 | D        | Killed a skeletal warrior
  5953 | D        | Killed an iron golem
  5958 | D        | Noticed a necromancer
  5965 | D        | Killed a necromancer
  6010 | D        | Noticed a hell knight
  6010 | D        | Noticed a hell knight
  6011 | D        | Noticed a hell knight
  6011 | D        | Noticed a hell knight
  6012 | D        | Killed a hell knight
  6013 | D        | Killed a hell knight
  6015 | D        | Killed a hell knight
  6015 | D        | Reached skill level 5 in Evocations
  6016 | D        | Killed a hell knight
  6016 | D        | Reached skill level 10 in Ice Magic
  6024 | D        | Noticed a lich
  6026 | D        | Killed a lich
  6026 | D        | Reached skill level 23 in Stealth
  6026 | D        | Reached skill level 10 in Air Magic
  6053 | D        | Noticed a guardian mummy
  6054 | D        | Noticed a sphinx
  6054 | D        | Noticed a sphinx
  6054 | D        | Noticed a mummy priest
  6054 | D        | Noticed a guardian mummy
  6054 | D        | Noticed a mummy priest
  6055 | D        | Killed a guardian mummy
  6056 | D        | Killed a sphinx
  6057 | D        | Killed a sphinx
  6076 | D        | Mangled by a guardian mummy

Vault maps used:
D:        dungeon_sprint_mu

Action                   |  1- 3 |  4- 6 |  7- 9 | 10-12 | 13-15 || total
-------------------------+-------+-------+-------+-------+-------++-------
Melee: Dagger            |     5 |     6 |    20 |   126 |   116 ||   273
       Quick blade       |       |       |       |       |   123 ||   123
       Rapier            |       |       |       |       |     7 ||     7
 Cast: Ensorcelled Hiber |     4 |     3 |     7 |    69 |    29 ||   112
       Dazzling Spray    |       |    11 |     5 |    21 |    27 ||    64
       Mephitic Cloud    |       |       |       |     6 |     6 ||    12
       Invisibility      |       |       |       |     3 |       ||     3
       Tukima's Dance    |       |       |       |     2 |     2 ||     4
       Confuse           |       |       |       |     2 |     2 ||     4
       Alistair's Intoxi |       |       |       |     1 |     1 ||     2
       Freezing Cloud    |       |       |       |       |     4 ||     4
Invok: Shadow Step       |       |       |     1 |    14 |    12 ||    27
 Abil: Evoke Invisibilit |       |       |       |       |     3 ||     3
  Use: Scroll            |     1 |     3 |       |     1 |     2 ||     7
       Potion            |       |     5 |       |     5 |     5 ||    15
 Stab: Sleeping          |     4 |     6 |    11 |    76 |    42 ||   139
       Invisible         |       |       |     2 |     3 |     8 ||    13
       Confused          |       |       |       |     6 |    11 ||    17
       Distracted        |       |       |       |       |     1 ||     1
  Eat: Bread ration      |       |       |       |     1 |       ||     1
       Fruit             |       |       |       |       |     1 ||     1
